 Dungeon Crawl Stone Soup version 0.23.1 (webtiles) character file.

Game seed: 13811787292719848349

123 Borgoz the Sneak (level 5, -2/37 (38) HPs)
             Began as a Ghoul Enchanter on Mar 13, 2019.
             Killed by divine providence
             ... invoked by an orc priest
              (11 damage)
             ... on level 3 of the Dungeon.
             The game lasted 00:06:16 (3307 turns).

Borgoz the Sneak (Ghoul Enchanter)                  Turns: 3307, Time: 00:06:16

HP:   -2/37 (38)    AC:  5    Str: 12      XL:     5   Next: 7%
MP:   4/15          EV: 11    Int:  9 (10) God:
Gold: 120           SH:  0    Dex:  8 (10) Spells: 4/7 levels left

rFire    . . .     SeeInvis .   f - +0 short sword
rCold    + . .     Gourm    .   (no shield)
rNeg     + + +     Faith    .   j - +0 ring mail
rPois    ∞         Spirit   .   (no helmet)
rElec    .         Reflect  .   (no cloak)
rCorr    .         Harm     .   (no gloves)
MR       .....                  (no boots)
Stlth    +.........             (no amulet)
HPRegen  0.00/turn              n - ring of magical power (curse)
MPRegen  0.14/turn              q - ring of wizardry

@: very slightly contaminated, rotting
A: rotting body, claws 1, carnivore, cold resistance 1, negative energy
resistance 3, inhibited regeneration, torment resistance, unbreathing
a: no special abilities


You were on level 3 of the Dungeon.
You were not hungry.

You visited 1 branch of the dungeon, and saw 3 of its levels.

You collected 120 gold pieces.

Inventory:

Hand Weapons
 a - a +1 dagger
 f - a +0 short sword (weapon)
Armour
 b - a +0 robe
 j - a +0 ring mail (worn)
Jewellery
 n - a cursed ring of magical power (left claw)
 p - an uncursed ring of ice
 q - a ring of wizardry (right claw)
Scrolls
 k - 3 scrolls of remove curse
 l - a scroll of teleportation
 m - 3 scrolls of enchant armour
Potions
 e - a potion of agility {unknown}
 h - a potion of curing
 i - 3 potions of might
Comestibles
 d - 5 rations


   Skills:
 * Level 2.7 Short Blades
 * Level 2.4 Armour
 + Level 2.5 Dodging
 - Level 3.2 Stealth
 - Level 1.7 Spellcasting
 - Level 2.4 Hexes


You had 4 spell levels left.
You knew the following spells:

 Your Spells              Type           Power        Failure   Level  Hunger
a - Corona                Hex            #......      12%         1    ##.....
b - Ensorcelled Hibernat  Hex/Ice        #.....       26%         2    ###....

Your spell library contained the following spells:

 Spells                   Type           Power        Failure   Level  Hunger
 Confuse                  Hex            #.......     32%         3    ####...
 Tukima's Dance           Hex            #.......     32%         3    ####...
 Dazzling Spray           Conj/Hex       #.....       45%         3    ####...


Dungeon Overview and Level Annotations

Branches:
Dungeon (3/15)

Altars:


Innate Abilities, Weirdness & Mutations

Your body is rotting away.
You thrive on raw meat.
You are immune to poison.
You have sharp fingernails.
You are carnivorous and can eat meat at any time.
Your flesh is cold resistant. (rC+)
You are immune to negative energy. (rN+++)
You do not regenerate when monsters are visible.
You are immune to unholy pain and torment.
You can survive without breathing.


Message History

You feel your flesh rotting away. The adder closely misses you.
The orc wizard miscasts a cantrip.
The adder barely misses you.
The orc wizard hits you but does no damage.
The orc priest casts a cantrip, but nothing happens.
The orc wizard misses you.
The orc wizard hits you with a +0 dagger.
The orc wizard casts a spell at you. The puff of frost hits you. You resist.
* * * LOW HITPOINT WARNING * * *
The orc wizard casts a cantrip, but nothing happens.
The orc wizard looks encouraged for a moment.
Items here: ))))) [[ The orc priest miscasts a cantrip.
The orc wizard gestures at you while chanting.
The puff of flame misses you.
The orc priest invokes the aid of Beogh against you.
Beogh smites you!
You die...

......#...#
......#...#
......#...#
......#>..#
......#...#
......#...#
......#)..####
.$....#..o...#######
.........o..goS.@.>#
......####...#####.#
.#########...#####.#
.# #..............#
.# #........#######
.# #...........)..
.# #####.#.#######
.########.#.#
#...........#


You could see an orc priest, an orc wizard, an adder, an orc and a hobgoblin.

Vanquished Creatures
  A hound zombie (D:3)
  4 adders
  An ooze (D:2)
  2 worms (D:2)
  A dart slug (D:2)
  A leopard gecko (D:1)
  6 orcs (D:3)
  5 bats
  7 goblins
  9 hobgoblins
  5 jackals (D:1)
  A quokka (D:2)
  2 frilled lizards
  A kobold (D:1)
  7 rats
53 creatures vanquished.

Notes
Turn   | Place    | Note
-------+----------+-------------------------------------------
     0 | D:1      | Borgoz the Ghoul Enchanter began the quest for the Orb.
     0 | D:1      | Reached XP level 1. HP: 14/14 MP: 2/2
    31 | D:1      | Reached skill level 1 in Short Blades
   508 | D:1      | Reached XP level 2. HP: 14/20 MP: 3/3
   783 | D:1      | Reached skill level 1 in Armour
   998 | D:1      | Reached XP level 3. HP: 25/26 MP: 4/4
  2019 | D:2      | Learned a level 2 spell: Ensorcelled Hibernation
  2095 | D:2      | Reached XP level 4. HP: 25/33 MP: 5/5
  3008 | D:3      | Reached XP level 5. HP: 18/38 MP: 3/6
  3307 | D:3      | Killed from afar by an orc priest

Skill      XL: |  1  2  3  4 |
---------------+-------------+-----
Short Blades   | 1 2 |  2.7
Dodging        | 2 |  2.5
Armour         | 1 2 |  2.4
Stealth        | |  3.2
Spellcasting   | |  1.7
Hexes          | |  2.4

Action                   |  1- 3 |  4- 6 || total
-------------------------+-------+-------++-------
Melee: Short sword       |   174 |    90 ||   264
       Dagger            |    13 |       ||    13
 Cast: Ensorcelled Hiber |       |    16 ||    16
  Use: Scroll            |       |     7 ||     7
       Potion            |       |     4 ||     4
 Stab: Sleeping          |     1 |     7 ||     8
  Eat: Chunk             |     8 |     4 ||    12
Armor: Ring mail         |    81 |    45 ||   126
       Robe              |     2 |       ||     2
Dodge: Dodged            |   117 |    33 ||   150
